 Dungeon Crawl Stone Soup version 0.29-a0-559-g359e09b9d1 (webtiles) character file.

Game seed: 8874537739923806213

107 Hubjo the Insei (level 4, -1/34 HPs)
             Began as a Demonspawn Transmuter on June 9, 2022.
             Was a High Priest of Ignis.
             Slain by a goblin
             ... wielding a +0 dagger
              (3 damage)
             ... on level 2 of the Dungeon.
             The game lasted 00:01:25 (2129 turns).

Hubjo the Insei (Demonspawn Transmuter)             Turns: 2129, Time: 00:01:26

Health: -1/34      AC:  2    Str: 11    XL:     4   Next: 57%
Magic:  7/7        EV: 12    Int: 14    God:    Ignis [*****.]
Gold:   113        SH:  0    Dex: 15    Spells: 7/8 levels left

rFire   + . .      SeeInvis .     - Unarmed
rCold   . . .      Faith    .   (no shield)
rNeg    . . .      Spirit   .   a - +0 robe
rPois   .          Reflect  .   (no helmet)
rElec   .          Harm     .   (no cloak)
rCorr   .          Rampage  .   (no gloves)
Will    .....                   (no boots)
Stlth   ++........              (no amulet)
HPRegen 0.11/turn               (no ring)
MPRegen 0.10/turn               (no ring)

@: no status effects
A: hooves 1, demonic magic 1
a: Renounce Religion, Fiery Armour, Foxfire Swarm, Rising Flame


You were on level 2 of the Dungeon.
You worshipped Ignis.
Ignis was extremely pleased with you.
You visited 1 branch of the dungeon, and saw 2 of its levels.

You collected 113 gold pieces.

Inventory:

Armour
 a - a +0 robe (worn)
Wands
 h - a wand of paralysis (6)
Scrolls
 e - 3 scrolls of identify {unknown}
Potions
 b - a potion of lignification
 c - a potion of attraction {unknown}
 d - 3 potions of berserk rage {unknown}
 f - a potion of flight {unknown}
 g - a potion of curing {unknown}


   Skills:
 * Level 2.6 Fighting
 - Level 1.7 Dodging
 + Level 1.4 Stealth
 + Level 3.1 Unarmed Combat
 + Level 2.6 Spellcasting
 + Level 2.3 Transmutations


You had 7 spell levels left.
You knew the following spells:

 Your Spells              Type           Power      Damage    Failure   Level
a - Beastly Appendage     Tmut           16%        N/A       9%          1

Your spell library contained the following spells:

 Spells                   Type           Power      Damage    Failure   Level
 Wereblood                Tmut           8%         N/A       13%         2
 Spider Form              Tmut/Pois      5%         N/A       38%         3
 Ignite Poison            Fire/Tmut/Pois 4%         N/A       43%         3
 Mephitic Cloud           Conj/Pois/Air  1%         N/A       56%         3
 Ice Form                 Ice/Tmut       5%         N/A       80%         4
 Freezing Cloud           Conj/Ice/Air   0%         6-21      99%         5


Dungeon Overview and Level Annotations

Branches:
Dungeon (2/15)

Altars:
Ignis

Shops:
D:1 (

Annotations:
D:2 1 runed translucent door, Crazy Yiuf


Innate Abilities, Weirdness & Mutations

You have large cloven feet.
Spells you cast may paralyse adjacent enemies.


Message History

The goblin barely misses you.
The goblin shouts!
The goblin hits you but does no damage. The goblin hits you with a +0 dagger.
The goblin misses you. The goblin hits you with a +0 dagger.
The goblin closely misses you. The goblin hits you with a +0 dagger.
The goblin hits you with a +0 dagger. The goblin barely misses you.
The goblin hits you with a +0 dagger. The goblin hits you with a +0 dagger.
The goblin completely misses you. The goblin closely misses you.
The goblin hits you with a +0 dagger. The goblin hits you with a +0 dagger.
The goblin hits you with a +0 dagger. The goblin closely misses you.
The goblin barely misses you. The goblin barely misses you.
The goblin barely misses you. The goblin hits you with a +0 dagger.
The goblin hits you with a +0 dagger.
* * * LOW HITPOINT WARNING * * *
The goblin hits you but does no damage. The goblin hits you with a +0 dagger.
* * * LOW HITPOINT WARNING * * *
The goblin completely misses you. The goblin hits you with a +0 dagger.
* * * LOW HITPOINT WARNING * * *
The goblin misses you. The goblin misses you. The goblin barely misses you.
The goblin closely misses you. The goblin closely misses you.
The goblin hits you with a +0 dagger.
* * * LOW HITPOINT WARNING * * *
The goblin hits you but does no damage. The goblin hits you with a +0 dagger.
You die...

....... ##.#.##
#.....#.# .######
##.#.## ##.##.#.# .#
##.#.## ## ####...# .#
##)#.## ##.## #..## .#
##.#.## ##.#.## #..# ##
.# ##.#.## ##.#.#.##
##.# #. .# #.#.##
##.#...#.## ### #. .###
#.## #$(([##.#.# ####.
...##.#.##
#...#@##.#.## #..#.
.#..##.#.##g#.#g##.#.##
#.##. #.#..##.#.##
#g##.#.## #.##.
......##.#.##.##.#.##
#.##.
#..######.#.###.#.##
#.... #..# ##.#.#.#.##
####.
#..########.#.#.## #.
..........##†#†## #.
.#.######.### ## .....
#.


You could see 2 goblins.

Vanquished Creatures
  A scorpion (D:2)
  An adder (D:2)
  A worm (D:2)
  3 dart slugs (D:2)
  4 ball pythons
  5 bats
  6 endoplasms
  2 giant cockroaches (D:1)
  3 hobgoblins (D:2)
  A quokka (D:1)
  2 frilled lizards
  3 kobolds (D:1)
  A rat (D:1)
33 creatures vanquished.

Notes
Turn   | Place    | Note
-------+----------+-------------------------------------------
     0 | D:1      | Hubjo the Demonspawn Transmuter began the quest for the
                  | Orb.
     0 | D:1      | Reached XP level 1. HP: 15/15 MP: 3/3
    44 | D:1      | Found a faded altar of an unknown god.
    68 | D:1      | Prayed at the altar of an unknown god.
    68 | D:1      | Became a worshipper of Ignis, the Dying Flame
   409 | D:1      | Gained mutation: Spells you cast may paralyse adjacent
                  | enemies. [demonic ancestry]
   409 | D:1      | Reached XP level 2. HP: 17/21 MP: 0/5
   824 | D:1      | Found Gudoetag's Antique Weapon Shoppe.
  1203 | D:2      | Reached XP level 3. HP: 9/27 MP: 4/6
  1449 | D:2      | Reached skill level 1 in Stealth
  1538 | D:2      | Found a runed translucent door.
  1539 | D:2      | Noticed Crazy Yiuf
  2028 | D:2      | Noticed a scorpion
  2031 | D:2      | Killed a scorpion
  2032 | D:2      | Reached skill level 3 in Unarmed Combat
  2032 | D:2      | Lost mutation: You have razor-sharp toenails. [demonic
                  | ancestry]
  2032 | D:2      | Lost mutation: You have sharp toenails. [demonic ancestry]
  2032 | D:2      | Gained mutation: You have large cloven feet. [demonic
                  | ancestry]
  2032 | D:2      | Reached XP level 4. HP: 27/34 MP: 5/7
  2129 | D:2      | Slain by a goblin

Illustrated notes

Levels and vault maps discovered:
D:1:      lightli_arrival_maybe_door_vault, layout_basic, serial_shops,
          nicolae_shop_waterfront, shapermc_ecumenical_altar_gd,
          minmay_pentomino_u2
D:2:      minmay_inner_zag, layout_loops_ring, minmay_goblin_kobold_house,
          uniq_crazy_yiuf_cottage

Skill      XL: |  1  2  3 |
---------------+----------+-----
Transmutations | 2 |  2.3
Fighting       | 2 |  2.6
Stealth        | 1 |  1.4
Unarmed Combat | 3 |  3.1
Dodging        | |  1.7
Spellcasting   | |  2.6

Action                   |  1- 3 |  4- 6 || total
-------------------------+-------+-------++-------
Melee: Unarmed           |    98 |       ||    98
       Kick              |    18 |       ||    18
       Headbutt          |    10 |       ||    10
       Punch             |     2 |       ||     2
 Cast: Beastly Appendage |    26 |       ||    26
 Stab: Paralysed         |     3 |       ||     3
       Sleeping          |     1 |       ||     1
Armor: Robe              |    24 |     3 ||    27
Dodge: Dodged            |    62 |    16 ||    78

Table legend: (Time is in decaauts)
 A = Elapsed time spent in this place.
 B = Non-inter-level travel time spent in this place.
 C = Inter-level travel time spent in this place.
 D = Time resting spent in this place.
 E = Time spent auto-exploring this place.
 F = Levels seen in this place.
 G = Mean time per level.
                   A        B        C        D        E       F      G
               +--------+--------+--------+--------+--------+-----+--------+
         Total |   2124 |   2090 |     34 |      0 |   1824 |   2 | 1062.0 |
       Dungeon |   2124 |   2090 |     34 |      0 |   1824 |   2 | 1062.0 |
               +--------+--------+--------+--------+--------+-----+--------+

Top non-repeatable levels by time:
     D:1: 1155 daAuts
     D:2: 969 daAuts
